 Dungeon Crawl Stone Soup version 0.31.0-32-g396128a36d (webtiles) character file.

Game seed: 10578516926496228714

1 spaghetti the Caller (level 1, 0/15 HPs)
             Began as a Naga Summoner on Mar 9, 2024.
             Slain by a frilled lizard (2 damage)
             ... on level 1 of the Dungeon.
             The game lasted 00:00:06 (79 turns).

spaghetti the Caller (Naga Summoner)                  Turns: 79, Time: 00:00:07

Health: 0/15       AC:  1    Str: 10    XL:     1   Next: 20%
Magic:  1/3        EV:  9    Int: 15    God:
Gold:   16         SH:  0    Dex: 11    Spells: 3/4 levels left

rFire   . . .        (no weapon)
rCold   . . .        (no shield)
rNeg    . . .        a - +0 robe
rPois   +            (no helmet)
rElec   .            (no cloak)
rCorr   .            (no gloves)
SInv    +            (no barding)
Will    .....        (no amulet)
Stlth   ++           (no ring)
HPRegen 0.22/turn    (no ring)
MPRegen 0.08/turn

%: no passive effects
@: very slow
A: AC +0, large, see invisible, deformed body, poison resistance, slowness 2,
spit poison 1, naga tail 1
a: Spit Poison


You were on level 1 of the Dungeon.
You visited 1 branch of the dungeon, and saw 1 of its levels.

You collected 16 gold pieces.

Inventory:

Armour
 a - a +0 robe (worn)
Scrolls
 c - a scroll of identify {unknown}
Potions
 b - a potion of magic


   Skills:
 - Level 1.5 Dodging
 - Level 3.0 Stealth
 - Level 2.0 Spellcasting
 + Level 4.0 Summonings


You had 3 spell levels left.
You knew the following spells:

 Your Spells              Type           Power      Damage    Failure   Level
a - Summon Small Mammal   Summ           52%        N/A       4%          1

Your spell library contained the following spells:

 Spells                   Type           Power      Damage    Failure   Level
 Call Imp                 Summ           26%        N/A       6%          2
 Call Canine Familiar     Summ           13%        N/A       13%         3
 Summon Blazeheart Golem  Fire/Summ      7%         N/A       67%         4
 Summon Lightning Spire   Summ/Air       7%         N/A       67%         4


Dungeon Overview and Level Annotations

Branches:
Dungeon (1/15)

Altars:


Innate Abilities, Weirdness & Mutations

Your serpentine skin is tough. (AC +0)
You have supernaturally acute eyesight. (SInv)
Armour fits poorly on your strangely shaped body.
Your system is resistant to poisons. (rPois)
You cover ground very slowly.
You can spit poison.
You have a snake-like lower body.


Message History

The frilled lizard unfolds its giant frill.
The bat hits you but does no damage. The bat barely misses you.
The frilled lizard bites you but does no damage.
You hit the kobold but do no damage. The bat closely misses you.
The bat hits you. The frilled lizard bites you. The endoplasm hits you.
The kobold hits you with a +1 dagger of venom.
You are too injured to fight recklessly!
You are too injured to fight recklessly!
You are too injured to fight recklessly!
You are too injured to fight recklessly!
You are too injured to fight recklessly!
You are too injured to fight recklessly!
You are too injured to fight recklessly!
You are too injured to fight recklessly!
You are too injured to fight recklessly!
You are too injured to fight recklessly!
You are too injured to fight recklessly!
You are too injured to fight recklessly!
You are too injured to fight recklessly!
You are too injured to fight recklessly!
You are too injured to fight recklessly!
You are too injured to fight recklessly!
You are too injured to fight recklessly!
Unknown command.
Casting: Summon Small Mammal (safe; 4% risk of failure)
Confirm with . or Enter, or press ? or * to list all spells.
The bat barely misses you.
The frilled lizard completely misses you.
The endoplasm barely misses you.
The kobold hits you with a +1 dagger of venom.
Casting: Summon Small Mammal (safe; 4% risk of failure)
Confirm with . or Enter, or press ? or * to list all spells.
The bat hits you.
The kobold hits you with a +1 dagger of venom.
* * * LOW HITPOINT WARNING * * *
The endoplasm freezes you.
You are frozen.
* * * LOW HITPOINT WARNING * * *
The frilled lizard bites you.
You die...

#....[.# #. .
#......# #) #.
# #......# #.#.
####.####
#....###....#
#...#...####
#.....#####
#..#....Kr.#...
# #.r.@Jb.....
#...bl......
#...........
#......$....
.............
###...........
#..........!
#...........


You could see an endoplasm (ally target), 2 bats, a kobold (ally target), a
frilled lizard, a friendly quokka (summoned) and a friendly rat (summoned).

Vanquished Creatures (collateral kills)
  A bat (D:1)
1 creature vanquished.

Notes
Turn   | Place    | Note
-------+----------+-------------------------------------------
     0 | D:1      | spaghetti the Naga Summoner began the quest for the Orb.
     0 | D:1      | Reached XP level 1. HP: 15/15 MP: 3/3
    79 | D:1      | Slain by a frilled lizard

Illustrated notes

Levels and vault maps discovered:
D:1:      lightli_iron_boxes, layout_rooms

Action                     || total
---------------------------++-------
  Melee: Unarmed           ||     5
   Cast: Summon Small Mamm ||     4
 Armour: Robe              ||    17
  Dodge: Dodged            ||     9
